 Dungeon Crawl Stone Soup version 0.26-a0-651-gb41185065b (webtiles) character file.

Game seed: 3676711421581341275

185 grandjackal the Ducker (level 5, -1/61 HPs)
             Began as a Demonspawn Gladiator on Sept 30, 2020.
             Slain by a gnoll
             ... wielding a +2 flail of holy wrath
              (4 damage)
             ... on level 2 of the Dungeon.
             The game lasted 00:02:35 (2486 turns).

grandjackal the Ducker (Demonspawn Gladiator)       Turns: 2486, Time: 00:02:36

Health: -1/61      AC: 22    Str: 16    XL:     5   Next: 37%
Magic:  5/5        EV:  2    Int:  9    God:
Gold:   78         SH:  0    Dex: 14    Spells: 4/4 levels left

rFire    . . .     SeeInvis .   a - +0 long sword
rCold    . . .     Faith    .   (no shield)
rNeg     + + +     Spirit   .   (armour currently unavailable)
rPois    +         Reflect  .   (helmet currently unavailable)
rElec    .         Harm     .   (cloak currently unavailable)
rCorr    .         Rampage  .   (gloves currently unavailable)
MR       .....     NoTele   +   (boots currently unavailable)
Stlth    +.........             (no amulet)
HPRegen  0.20/turn              (no ring)
MPRegen  0.09/turn              (no ring)

@: tree-form
A: no striking features
a: no special abilities


You were on level 2 of the Dungeon.
You were a tree.
You visited 1 branch of the dungeon, and saw 3 of its levels.

You collected 78 gold pieces.

Inventory:

Hand Weapons
 a - a +0 long sword (weapon)
Missiles
 d - 3 throwing nets (quivered)
 g - 27 poisoned darts
Armour
 b - a +0 leather armour (melded)
 c - a +0 helmet (melded)
 k - a +0 pair of boots (melded)
Scrolls
 e - a scroll of remove curse {unknown}
 f - a scroll of immolation {unknown}
 h - a scroll of noise {unknown}
 l - a scroll of enchant armour {unknown}
 m - 2 scrolls of blinking {unknown}
 n - a scroll of fog {unknown}
 o - 2 scrolls of identify {unknown}
 p - a scroll of teleportation {unknown}
 r - a scroll of random uselessness {unknown}
Potions
 j - a potion of curing {unknown}
 q - a potion of haste {unknown}


   Skills:
 + Level 3.6 Fighting
 + Level 3.8 Long Blades
 - Level 1.7 Throwing
 + Level 3.9 Dodging


You had 4 spell levels left.
You didn't know any spells.
Your spell library was empty.

Dungeon Overview and Level Annotations

Branches:
Dungeon (3/15)

Altars:


Innate Abilities, Weirdness & Mutations

((You are mostly covered in razor-sharp scales. (AC +2, Slay +2)))


Message History

The gnoll hits you but does no damage.
The gnoll hits you with a +2 flail of holy wrath.
* * * LOW HITPOINT WARNING * * *
You convulse.
* * * LOW HITPOINT WARNING * * *
The gnoll hits you but does no damage.
You hit the gnoll.
The gnoll is moderately wounded.
The gnoll hits you but does no damage. The gnoll hits you.
* * * LOW HITPOINT WARNING * * *
You hit the gnoll but do no damage.
The gnoll is moderately wounded.
The gnoll hits you but does no damage. The gnoll hits you.
* * * LOW HITPOINT WARNING * * *
You hit the gnoll but do no damage.
The gnoll is moderately wounded.
The gnoll hits you with a +2 flail of holy wrath.
* * * LOW HITPOINT WARNING * * *
You convulse.
You die...

#....######
#########.#...<#
#.......#.#.##.#
#.####.##.#.##.#
###.......#.#.##.#
#......#..#.#.##.#
#.#.#†.##.#.#.#...
#g#....#....#.#..#
#♣#.#..#..###.#..#
#g........# #.#..#
#........## #.#..#
####.########.#..#
#..........####
############


You could see 2 gnolls.

Vanquished Creatures
  2 orc priests (D:3)
  A gnoll (D:3)
  7 adders
  2 worms
  3 dart slugs (D:1)
  A leopard gecko (D:1)
  An orc (D:3)
  2 giant cockroaches
  5 goblins
  2 hobgoblins (D:1)
  2 ball pythons (D:2)
  9 bats
  4 frilled lizards
  5 kobolds
  6 rats
52 creatures vanquished.

Notes
Turn   | Place    | Note
-------+----------+-------------------------------------------
     0 | D:1      | grandjackal the Demonspawn Gladiator began the quest for
                  | the Orb.
     0 | D:1      | Reached XP level 1. HP: 16/16 MP: 1/1
   283 | D:1      | Gained mutation: You are partially covered in razor-sharp
                  | scales. (AC +1, Slay +1) [demonic ancestry]
   283 | D:1      | Reached XP level 2. HP: 14/22 MP: 2/2
  1021 | D:2      | Reached XP level 3. HP: 28/28 MP: 3/3
  1532 | D:2      | Gained mutation: You are mostly covered in razor-sharp
                  | scales. (AC +2, Slay +2) [demonic ancestry]
  1532 | D:2      | Reached XP level 4. HP: 26/34 MP: 4/4
  2170 | D:3      | Reached XP level 5. HP: 37/41 MP: 5/5
  2383 | D:3      | Noticed an ice beast
  2486 | D:2      | HP: 3/61 [gnoll/+2 flail of holy wrath (4)]
  2486 | D:2      | Slain by a gnoll

Illustrated notes

Levels and vault maps discovered:
D:1:      lemuel_arrival_tunnels, layout_loops_ring
D:2:      layout_basic
D:3:      layout_loops_ring, lightli_corner_chamber

Skill      XL: |  1  2  3  4 |
---------------+-------------+-----
Dodging        | 3 |  3.9
Long Blades    | 3 |  3.8
Fighting       | 3 |  3.6
Throwing       | |  1.7

Action                   |  1- 3 |  4- 6 || total
-------------------------+-------+-------++-------
Melee: Long sword        |   109 |    53 ||   162
  Use: Potion            |       |     2 ||     2
 Stab: Sleeping          |     3 |       ||     3
Armor: Leather armour    |    36 |    22 ||    58
       Skin              |       |     9 ||     9
Dodge: Dodged            |   105 |    49 ||   154
       Rpst.: Long sword |    26 |    18 ||    44

Table legend: (Time is in decaauts)
 A = Elapsed time spent in this place.
 B = Non-inter-level travel time spent in this place.
 C = Inter-level travel time spent in this place.
 D = Time resting spent in this place.
 E = Time spent auto-exploring this place.
 F = Levels seen in this place.
 G = Mean time per level.
                   A        B        C        D        E       F      G
               +--------+--------+--------+--------+--------+-----+--------+
         Total |   2528 |   2397 |    131 |    496 |   1509 |   3 |  842.7 |
       Dungeon |   2528 |   2397 |    131 |    496 |   1509 |   3 |  842.7 |
               +--------+--------+--------+--------+--------+-----+--------+

Top non-repeatable levels by time:
     D:2: 1129 daAuts
     D:1: 1022 daAuts
     D:3: 377 daAuts
